 Dungeon Crawl Stone Soup version 0.28.0-43-g3370ac3207 (webtiles) character file.

Game seed: 12509879886000699798

220 smarlow the Ducker (level 6, -3/45 HPs)
             Began as a Djinni Fire Elementalist on Feb 28, 2022.
             Slain by an iguana (13 damage)
             ... on level 4 of the Dungeon.
             The game lasted 00:05:13 (3601 turns).

smarlow the Ducker (Djinni Fire Elementalist)       Turns: 3601, Time: 00:05:14

Health: -3/45      AC:  2    Str:  7    XL:     6   Next: 18%
Gold:   102        EV: 13    Int: 19    God:
                   SH:  0    Dex: 13

rFire   + + .      SeeInvis +   (no weapon)
rCold   x . .      Faith    .   (no shield)
rNeg    . . .      Spirit   .   a - +0 robe
rPois   ∞          Reflect  .   (no helmet)
rElec   .          Harm     .   (no cloak)
rCorr   +          Rampage  .   (no gloves)
Will    .....                   (boots unavailable)
Stlth   ++........              (no amulet)
HPRegen 0.15/turn               h - ring of resist corrosion
MPRegen 0.00/turn               k - ring of see invisible

@: flying, very slightly contaminated
A: sickness immunity, fire resistance 2, cold vulnerability 1, float, innate
caster, HP casting, extra vitality 1
a: no special abilities


You were on level 4 of the Dungeon.
You visited 1 branch of the dungeon, and saw 4 of its levels.

You collected 102 gold pieces.

Inventory:

Armour
 a - a +0 robe (worn)
Jewellery
 h - a ring of resist corrosion (left hand)
 k - a ring of see invisible (right hand)
Scrolls
 f - 2 scrolls of identify {unknown}
 g - 2 scrolls of enchant weapon {unknown}
Potions
 b - a potion of berserk rage {unknown}
 c - 3 potions of curing {unknown}
 d - a potion of heal wounds {unknown}
 e - a potion of lignification {unknown}
 i - a potion of magic {unknown}
 j - a potion of resistance {unknown}
 l - a potion of degeneration {unknown}


   Skills:
 * Level 2.6 Fighting
 + Level 3.5 Dodging
 + Level 2.7 Stealth
 * Level 3.4 Spellcasting


You couldn't memorise any spells.
You knew the following spells:

 Your Spells              Type           Power      Damage    Failure   Level
a - Foxfire               Conj/Fire      64%        2x1d7     3%          1
b - Scorch                Fire           32%        2d6       5%          2
c - Conjure Flame         Conj/Fire      16%        6-21      11%         3
d - Inner Flame           Hex/Fire       16%        N/A       11%         3
e - Flame Wave            Conj/Fire      16%        2d6       34%         4
f - Freeze                Ice            64%        1d8       3%          1
g - Searing Ray           Conj           32%        2d5       5%          2
Your spell library was empty.

Dungeon Overview and Level Annotations

Branches:
Dungeon (4/15)
 Temple: D:4-7

Altars:
Gozag
Ru


Innate Abilities, Weirdness & Mutations

You are immune to sickness and miasma.
You are immune to poison.
Your flesh is very heat resistant. (rF++)
You are vulnerable to cold. (rC-)
You float through the air rather than walking.
You learn spells naturally, not from books.
Your magical power is your life essence.
You have superior vitality. (+4 MHP)


Message History

The foxfire hits the howler monkey skeleton.
The howler monkey skeleton is almost destroyed.
The howler monkey skeleton barely misses you.
You conjure some foxfire!
The howler monkey skeleton barely misses you.
The hobgoblin hits you but does no damage.
You conjure some foxfire!
The foxfire hits the howler monkey skeleton.
You destroy the howler monkey skeleton!
The foxfire hits the hobgoblin.
The hobgoblin is severely wounded.
The hobgoblin hits you.
You conjure some foxfire!
The hobgoblin closely misses you.
A dart slug comes into view.
The foxfire hits the iguana but does no damage. x2
You conjure some foxfire!
The foxfire hits the hobgoblin.
You kill the hobgoblin!
The foxfire hits the iguana but does no damage.
You miscast Foxfire.
Nothing appears to happen.
The foxfire hits the iguana but does no damage.
The foxfire hits the iguana.
The iguana is moderately wounded.
The iguana closely misses you.
You conjure some foxfire!
The iguana bites you.
You conjure some foxfire!
The foxfire hits the iguana.
The iguana is heavily wounded.
The foxfire hits the iguana but does no damage.
The iguana is heavily wounded.
The iguana bites you!
* * * LOW HITPOINT WARNING * * *
Casting: Foxfire (safe; 3% risk of failure)
Confirm with . or Enter, or press ? or * to list all spells.
You miscast Scorch.
Nothing appears to happen.
* * * LOW HITPOINT WARNING * * *
The foxfire hits the iguana.
The iguana is severely wounded.
The foxfire hits the iguana.
The iguana is almost dead.
The iguana bites you!
You die...

.# #..# #.#
#...##
..####.....#
...........
...[....
..... ##§§#
#.@.# #.l.#
#...# ....#
...w##
.....#
.....##
......


You could see an iguana and a dart slug.

Vanquished Creatures
  A sky beast (D:3)
  A howler monkey skeleton (D:4)
  4 adders
  An ufetubus (D:4)
  2 worms
  A dart slug (D:2)
  2 orcs (D:3)
  4 bats
  4 endoplasms
  A giant cockroach (D:1)
  6 goblins
  7 hobgoblins
  3 jackals (D:3)
  4 quokkas
  7 ball pythons
  4 frilled lizards
  10 kobolds
  6 rats
68 creatures vanquished.

Vanquished Creatures (collateral kills)
  A foxfire (D:2)
1 creature vanquished.

Vanquished Creatures (others)
  199 foxfires
  3 plants (D:1)
202 creatures vanquished.

Grand Total: 271 creatures vanquished

Notes
Turn   | Place    | Note
-------+----------+-------------------------------------------
     0 | D:1      | smarlow the Djinni Fire Elementalist began the quest for
                  | the Orb.
     0 | D:1      | Reached XP level 1. HP: 15/15 MP: 0/0
   176 | D:1      | Reached XP level 2. HP: 17/21 MP: 0/0
   576 | D:1      | Reached XP level 3. HP: 24/26 MP: 0/0
   576 | D:1      | Learned a level 1 spell: Freeze
  1451 | D:2      | Reached skill level 1 in Fighting
  1640 | D:2      | Reached XP level 4. HP: 28/32 MP: 0/0
  1999 | D:2      | Found an opulent altar of Gozag.
  2709 | D:3      | Found a sacrificial altar of Ru.
  2774 | D:3      | Reached XP level 5. HP: 32/38 MP: 0/0
  2774 | D:3      | Learned a level 2 spell: Searing Ray
  2933 | D:3      | Noticed a sky beast
  2942 | D:3      | Killed a sky beast
  2943 | D:3      | Reached XP level 6. HP: 35/45 MP: 0/0
  3449 | D:3      | Found a faded altar of an unknown god.
  3601 | D:4      | Slain by an iguana

Illustrated notes

Levels and vault maps discovered:
D:1:      elethiomel_arrival_maze, layout_basic, chequers_big_river
D:2:      layout_loops_ring, basic_altar, serial_bayou_lake_a
D:3:      layout_basic, general_overflow_altar,
          shapermc_ecumenical_altar_mp_vishouse, st_stairs_3
D:4:      layout_layer_cave

Skill      XL: |  1  2  3  4  5 |
---------------+----------------+-----
Stealth        | 2 |  2.7
Fighting       | 1 2 |  2.6
Dodging        | 3 |  3.5
Spellcasting   | 3 |  3.4

Action                   |  1- 3 |  4- 6 || total
-------------------------+-------+-------++-------
 Cast: Foxfire           |    48 |    74 ||   122
       Scorch            |     3 |    13 ||    16
  Use: Scroll            |       |     3 ||     3
Armor: Robe              |       |     1 ||     1
Dodge: Dodged            |     4 |     5 ||     9
